 Dungeon Crawl Stone Soup version 0.24.0-13-gcf9b319 (webtiles) character file.

Game seed: 11335118473986821862, levelgen mode: deterministic

314 silenth the Slasher (level 6, -3/44 HPs)
             Began as an Octopode Fighter on Apr 21, 2020.
             Slain by an ogre
             ... wielding a +0 giant club
              (23 damage)
             ... on level 4 of the Dungeon.
             The game lasted 00:02:21 (2266 turns).

silenth the Slasher (Octopode Fighter)              Turns: 2266, Time: 00:02:21

Health: -3/44      AC:  1    Str: 16    XL:     6   Next: 43%
Magic:  6/6        EV: 12    Int: 10    God:
Gold:   94         SH:  9    Dex: 13    Spells: 5/5 levels left

rFire    . . .     SeeInvis .   a - +0 long sword
rCold    . . .     Gourm    .   o - +0 shield
rNeg     . . .     Faith    .   (helmet restricted)
rPois    .         Spirit   .   (no amulet)
rElec    .         Reflect  .   (no ring)
rCorr    .         Harm     .   (no ring)
MR       .....                  (no ring)
Stlth    +++.......             (no ring)
HPRegen  0.14/turn              (no ring)
MPRegen  0.10/turn              (no ring)
                                (no ring)
                                (no ring)

@: no status effects
A: almost no armour, stealthy swim, amphibious, 8 rings, constrict 8, camouflage
1, gelatinous body 1
a: no special abilities


You were on level 4 of the Dungeon.
You were not hungry.

You visited 1 branch of the dungeon, and saw 4 of its levels.

You collected 94 gold pieces.

Inventory:

Hand Weapons
 a - a +0 long sword (weapon)
 b - a +1 dagger of venom
Missiles
 f - 23 poisoned darts (quivered)
 v - 7 curare-tipped darts
Armour
 o - a +0 shield (worn)
Scrolls
 d - 2 scrolls of blinking {unknown}
 g - 3 scrolls of enchant armour {unknown}
 h - 2 scrolls of random uselessness {unknown}
 i - a scroll of fear {unknown}
 k - 2 scrolls of remove curse {unknown}
 n - a scroll of identify {unknown}
 q - 2 scrolls of teleportation {unknown}
 s - a scroll of noise {unknown}
 t - 3 scrolls of amnesia {unknown}
 u - a scroll of enchant weapon {unknown}
Potions
 c - a potion of might
 j - 3 potions of berserk rage {unknown}
 l - a potion of haste {unknown}
 m - a potion of heal wounds {unknown}
 p - a potion of curing {unknown}
Comestibles
 e - 7 rations


   Skills:
 + Level 4.4 Fighting
 * Level 5.0 Long Blades
 - Level 3.0 Dodging
 - Level 3.3 Stealth
 - Level 3.0 Shields


You had 5 spell levels left.
You didn't know any spells.
Your spell library was empty.

Dungeon Overview and Level Annotations

Branches:
Dungeon (4/15)
 Temple: D:4-7

Altars:

Annotations:
D:4 Edmund


Innate Abilities, Weirdness & Mutations

You cannot wear most types of armour.
You are very stealthy in the water. (Stealth+)
You are amphibious.
You can wear up to eight rings at the same time.
You can use your tentacles to constrict eight enemies at once.
Your skin changes colour to match your surroundings (Stealth+).
Your rubbery body absorbs attacks. (AC +1, EV +1)


Message History

Done exploring.
(D) Dungeon
Where to? (Enter - D:3, ? - help)
There is an open door here.
There is a stone staircase leading down here.
You climb downwards.
An ogre, Edmund and a skeleton come into view.
Edmund is wielding a +2 flail of holy wrath.
The ogre shouts!
Found a hand axe and a scroll labeled CUF LOQIFEERA.
There is a stone staircase leading up here.
Edmund shouts!
You hit the ogre but do no damage. You block the ogre's attack.
You slash the ogre!
The ogre is moderately wounded.
The ogre hits you with a +0 giant club!!
Edmund hits you with a +2 flail of holy wrath.
The ogre hits you with a +0 giant club!!
Ouch! That really hurt!
You die...

. . #. #.
####.# #####
#..... ....#
#.#..O#..#.###
#....Z@@.....#
#..........#.#
............#
##?.)..........
#........#.#.#
###...#....# #
##.. ##### #..


You could see Edmund, an ogre and a hound skeleton.

Vanquished Creatures
  Sigmund (D:2)
  An orc wizard (D:3)
  Jessica (D:2)
  A worker ant (D:2)
  An adder (D:2)
  A worm (D:3)
  2 dart slugs
  4 leopard geckos
  7 orcs
  2 ball pythons
  3 goblins
  6 hobgoblins
  3 jackals (D:1)
  6 bats
  5 frilled lizards
  6 kobolds
  7 rats
57 creatures vanquished.

Notes
Turn   | Place    | Note
-------+----------+-------------------------------------------
     0 | D:1      | silenth the Octopode Fighter began the quest for the Orb.
     0 | D:1      | Reached XP level 1. HP: 16/16 MP: 1/1
   360 | D:1      | Reached XP level 2. HP: 19/21 MP: 2/2
   924 | D:2      | Reached skill level 3 in Long Blades
   951 | D:2      | Reached XP level 3. HP: 22/26 MP: 3/3
  1076 | D:2      | Noticed Jessica
  1199 | D:2      | Killed Jessica
  1199 | D:2      | Reached skill level 1 in Stealth
  1199 | D:2      | Reached XP level 4. HP: 31/31 MP: 4/4
  1284 | D:2      | Noticed Sigmund
  1291 | D:2      | Killed Sigmund
  1291 | D:2      | Reached skill level 4 in Fighting
  1291 | D:2      | Reached skill level 4 in Long Blades
  1291 | D:2      | Reached skill level 3 in Stealth
  1291 | D:2      | Reached XP level 5. HP: 27/37 MP: 5/5
  1291 | D:2      | Reached XP level 6. HP: 32/43 MP: 6/6
  1985 | D:3      | Reached skill level 5 in Long Blades
  2061 | D:3      | Found a faded altar of an unknown god.
  2263 | D:4      | Noticed Edmund
  2266 | D:4      | Slain by an ogre

Levels and vault maps discovered:
D:1:      arrival_zaba_pyramid, layout_loops_ring
D:2:      layout_loops_ring, uniq_sigmund, uniq_jessica
D:3:      layout_basic, chequers_ecumenical_altar_grove
D:4:      layout_loops_corners, overflow_temple_1_default, uniq_edmund,
          uniq_grinder

Skill      XL: |  1  2  3  4  5  6 |
---------------+-------------------+-----
Long Blades    | 3 4 5 |  5.0
Stealth        | 1 3 |  3.3
Fighting       | 4 |  4.4
Dodging        | |  3.0
Shields        | |  3.0

Action                   |  1- 3 |  4- 6 || total
-------------------------+-------+-------++-------
Melee: Long sword        |    46 |    51 ||    97
       Constrict         |    13 |    14 ||    27
       Tentacles         |     7 |     8 ||    15
 Stab: Sleeping          |     7 |     9 ||    16
  Eat: Chunk             |     1 |     3 ||     4
Armor: Skin              |     1 |     5 ||     6
Dodge: Dodged            |    18 |    15 ||    33
Block: Shield            |    17 |    15 ||    32
       Rpst.: Long sword |     5 |     4 ||     9
